 Dungeon Crawl Stone Soup version 0.19.5 (webtiles) character file.

8 tidbits the Gusty (level 2, -1/17 HPs)
             Began as a High Elf Air Elementalist on Nov 8, 2017.
             Killed from afar by Ijyb (18 damage)
             ... with a wand of lightning
             ... on level 2 of the Dungeon.
             The game lasted 00:02:46 (225 turns).

tidbits the Gusty (High Elf Air Elementalist)        Turns: 225, Time: 00:02:47

Health: -1/17      AC:  2    Str:  7    XL:     2   Next: 0%
Magic:  0/6        EV: 13    Int: 18    God:
Gold:   41         SH:  0    Dex: 15    Spells: 3 memorised, 1 level left

rFire  . . .     SeeInvis .     (no weapon)
rCold  . . .     Gourm    .     a - +0 robe
rNeg   . . .     Faith    .     (no shield)
rPois  .         Spirit   .     (no helmet)
rElec  .         Reflect  .     (no cloak)
rCorr  .         Harm     .     (no gloves)
MR     .....                    (no boots)
Stlth  ++........               (no amulet)
                                (no ring)
                                (no ring)

@: very slightly contaminated, repel missiles
A: no striking features
a: no special abilities


You were on level 2 of the Dungeon.
You were not hungry.

You visited 1 branch of the dungeon, and saw 2 of its levels.

You collected 41 gold pieces.

Inventory:

Missiles
 e - 24 arrows
Armour
 a - a +0 robe (worn)
 d - a +0 ring mail
   (You found it on level 1 of the Dungeon)
Scrolls
 g - a scroll of teleportation {unknown}
 h - a scroll of fog {unknown}
Books
 b - a book of Air

   Spells                             Type                      Level
   a - Shock                          Conjuration/Air              1
   b - Swiftness                      Charms/Air                   2
   c - Repel Missiles                 Charms/Air                   2
   d - Static Discharge               Conjuration/Air              3
   e - Lightning Bolt                 Conjuration/Air              5
Comestibles
 c - a bread ration
 f - a beef jerky


   Skills:
 - Level 2.1 Dodging
 - Level 2.1 Stealth
 + Level 2.8 Spellcasting
 + Level 1.2 Conjurations
 + Level 3.9 Air Magic


You had one spell level left.
You knew the following spells:

 Your Spells              Type           Power        Failure   Level  Hunger
a - Shock                 Conj/Air       ##..         8%          1    None
m - Repel Missiles        Chrm/Air       #.....       12%         2    ##.....
W - Swiftness             Chrm/Air       #.......     12%         2    ##.....


Dungeon Overview and Level Annotations

Branches:
Dungeon (2/15)

Altars:

Annotations:
D:2 Ijyb


Message History

Aim: a frilled lizard (resting)
The zap hits the frilled lizard.
You kill the frilled lizard!
Found a beef jerky.
A hobgoblin comes into view.
The hobgoblin shouts!
Things that are here:
a stone; a kobold corpse
Casting: Shock
Confirm with . or Enter, or press ? or * to list all spells.
Aiming: Shock
Press: ? - help, Shift-Dir - straight line The zap hits the hobgoblin.
The hobgoblin is moderately wounded.
The zap hits the hobgoblin.
You kill the hobgoblin!
You have reached level 2!
Memorise Repel Missiles, consuming 2 spell levels and leaving 3?
You start memorising the spell.
You continue memorising. x2
You finish memorising.
Spell assigned to 'm'.
Casting: Shock
Confirm with . or Enter, or press ? or * to list all spells.
You feel protected from missiles.
Memorise Swiftness, consuming 2 spell levels and leaving 1?
You start memorising the spell.
You continue memorising. x2
You finish memorising.
Spell assigned to 'W'.
Things that are here:
a stone; a kobold corpse
f - a beef jerky
Found a scroll labeled LESUUXTIKK.
g - a scroll labeled LESUUXTIKK
There is a stone staircase leading down here.
Found a scroll labeled ULEPSUSCHIEDY.
Found a stone staircase leading down.
Found 7 gold pieces and a bubbling brown potion.
h - a scroll labeled ULEPSUSCHIEDY You now have 41 gold pieces (gained 7).
i - a bubbling brown potion
There is a stone staircase leading down here.
You climb downwards.
Ijyb the Twisted Goblin comes into view.
She is wielding a dagger.
Found an escape hatch in the ceiling.
There is a stone staircase leading up here.
Casting: Repel Missiles
Confirm with . or Enter, or press ? or * to list all spells.
Aiming: Shock
Press: ? - help, Shift-Dir - straight line You miscast Shock.
You are very lightly contaminated with residual magic.
Sparks fly from your hands!
Ijyb shouts!
Casting: Shock
Confirm with . or Enter, or press ? or * to list all spells.
Aiming: Shock
Press: ? - help, Shift-Dir - straight line You miscast Shock.
Nothing appears to happen.
Casting: Shock
Confirm with . or Enter, or press ? or * to list all spells.
Aiming: Shock
Press: ? - help, Shift-Dir - straight line The zap hits Ijyb.
Ijyb is lightly wounded.
The zap hits Ijyb.
Ijyb is lightly wounded.
Ijyb hits you with a dagger.
Casting: Shock
Confirm with . or Enter, or press ? or * to list all spells.
Aiming: Shock
Press: ? - help, Shift-Dir - straight line The zap hits Ijyb.
Ijyb is moderately wounded.
The zap hits Ijyb.
Ijyb is heavily wounded.
Ijyb screams, "Me stronger than you!" Ijyb hits you but does no damage.
Casting: Shock
Confirm with . or Enter, or press ? or * to list all spells.
Aiming: Shock
Press: ? - help, Shift-Dir - straight line The zap misses Ijyb. x2; Ijyb hits you with a dagger.
Casting: Shock
Confirm with . or Enter, or press ? or * to list all spells.
Aiming: Shock
Press: ? - help, Shift-Dir - straight line The zap hits Ijyb.
Ijyb is severely wounded.
The zap hits Ijyb.
Ijyb appears unharmed.
Ijyb is severely wounded.
Ijyb hits you with a dagger.
It was a potion of heal wounds.
You feel much better. Ijyb hits you but does no damage.
Wield which item (- for none, * to show all)? (? for menu, Esc to quit)
Okay, then.
Really attack while wielding your bread ration?
Okay, then.
Wield which item (- for none, * to show all)? (? for menu, Esc to quit)
You are now empty-handed.
Ijyb zaps a wand.
The bolt of lightning hits you!
Ouch! That really hurt!
You die...

# .#
#.########.#
...........#
.......@g..#
.########..#
.....
.<.....
#.##### .#
.# .#


You could see Ijyb.

Vanquished Creatures
  A dart slug (D:1)
  A giant cockroach (D:1)
  A hobgoblin (D:1)
  A kobold (D:1)
  A bat (D:1)
  A frilled lizard (D:1)
6 creatures vanquished.

Notes
Turn   | Place    | Note
-------+----------+-------------------------------------------
     0 | D:1      | tidbits the High Elf Air Elementalist began the quest for the Orb.
     0 | D:1      | Reached XP level 1. HP: 11/11 MP: 4/4
   143 | D:1      | Reached XP level 2. HP: 17/17 MP: 3/6
   147 | D:1      | Learned a level 2 spell: Repel Missiles
   151 | D:1      | Learned a level 2 spell: Swiftness
   216 | D:2      | Noticed Ijyb
   225 | D:2      | Killed from afar by Ijyb

Action                   || total
-------------------------++-------
Melee: Unarmed           ||     5
 Cast: Shock             ||    14
       Repel Missiles    ||     1
  Use: Potion            ||     1
Armor: Robe              ||     1
Dodge: Dodged            ||     4

Table legend:
 A = Turns spent in this place as a percentage of turns spent in the entire game.
 B = Non-inter-level travel turns spent in this place as a percentage of non-inter-level travel turns spent in the entire game.
 C = Inter-level travel turns spent in this place as a percentage of turns spent in this place.
 D = Turns resting spent in this place as a percentage of non-inter-level travel turns spent in this place.
 E = Turns spent auto-exploring this place as a percentage of non-inter-level travel turns spent in this place.
 F = Non-inter-level travel turns spent in this place divided by the number of levels of this place that you've seen.
                   A       B       C       D       E      F
               +-------+-------+-------+-------+-------+----------------------
         Total | 100.0 | 100.0 |   0.0 |   0.0 |   0.0 | 109.5
       Dungeon | 100.0 | 100.0 |   0.0 |   0.0 |   0.0 | 109.5
               +-------+-------+-------+-------+-------+----------------------

Table legend:
 A = Kills in this place as a percentage of kills in entire the game.
 B = Kills by you in this place as a percentage of kills by you in the entire game.
 C = Kills by friends in this place as a percentage of kills by friends in the entire game.
 D = Other kills in this place as a percentage of other kills in the entire game.
 E = Experience gained in this place as a percentage of experience gained in the entire game.
 F = Experience gained in this place divided by the number of levels of this place that you have seen.
                   A       B       C       D       E      F
               +-------+-------+-------+-------+-------+----------------------
         Total | 100.0 | 100.0 |  -nan |  -nan | 100.0 |   6.0
       Dungeon | 100.0 | 100.0 |  -nan |  -nan | 100.0 |   6.0
               +-------+-------+-------+-------+-------+----------------------

Vault maps used:
D:1:      lightli_arrival_maybe_door_vault, serial_bayou_pond_c
D:2:      marbit_many_paths, minmay_tree_intersection, grunt_ministairs_3,
          uniq_crazy_yiuf_cottage, uniq_iyjb
